 Dungeon Crawl Stone Soup version 0.31-a0-765-g67fe2935dc (webtiles) character file.

Game seed: 17069885280970027526

764 bjtr the Conjurer (level 7, 0/72 HPs)
             Began as an Ogre Conjurer on Sept 16, 2023.
             Was an Initiate of Vehumet.
             Slain by a gnoll
             ... wielding a +0 spear
             ... led by a gnoll sergeant
              (6 damage)
             ... on level 5 of the Dungeon.
             The game lasted 00:18:24 (5427 turns).

bjtr the Conjurer (Ogre Conjurer)                   Turns: 5427, Time: 00:18:25

Health: 0/72       AC:  3    Str: 12    XL:     7   Next: 81%
Magic:  8/15       EV:  5    Int: 21    God:    Vehumet [......]
Gold:   300        SH:  0    Dex:  7    Spells: 14/17 levels left

rFire   . . .        B - +4 flail
rCold   . . .        (no shield)
rNeg    . . .        a - +0 robe
rPois   .            (helmet restricted)
rElec   .            (no cloak)
rCorr   .            (gloves unavailable)
SInv    +            (boots unavailable)
Will    +....        t - amulet of magic regeneration
Stlth   +            l - ring of willpower
HPRegen 0.32/turn    y - ring of see invisible
MPRegen 0.54/turn

%: no passive effects
@: held
A: large, unfitting armour, tough skin 1
a: Renounce Religion


You were on level 5 of the Dungeon.
You worshipped Vehumet.
Vehumet was noncommittal.
You visited 1 branch of the dungeon, and saw 5 of its levels.

You collected 300 gold pieces.

Inventory:

Hand Weapons
 c - a +0 dagger
 j - a +0 club
 k - a +0 mace
 m - a +0 whip
 p - a +0 hand axe
 B - a +4 flail (weapon)
Missiles
 n - 2 large rocks
 v - 6 poisoned darts
Armour
 a - a +0 robe (worn)
Jewellery
 l - a ring of willpower (left hand)
 t - an amulet of magic regeneration (around neck)
 y - a ring of see invisible (right hand)
 D - a ring of protection from fire
Wands
 w - a wand of flame (21)
 A - a wand of iceblast (11)
Scrolls
 d - a scroll of immolation {unknown}
 i - 2 scrolls of fog {unknown}
 r - a scroll of butterflies {unknown}
 s - a scroll of blinking {unknown}
 x - a scroll of vulnerability {unknown}
 C - a scroll of identify
Potions
 b - a potion of magic
 e - 3 potions of lignification
 f - 3 potions of heal wounds
 g - a potion of ambrosia
 h - 3 potions of enlightenment
 o - 2 potions of might
 q - a potion of cancellation
 u - a potion of mutation
 z - a potion of brilliance


   Skills:
 * Level 5.1 Fighting
 + Level 2.7 Dodging
 - Level 1.4 Stealth
 + Level 5.5 Spellcasting
 + Level 5.9 Conjurations


You had 14 spell levels left.
You knew the following spells:

 Your Spells              Type           Power      Damage    Failure   Level
a - Magic Dart            Conj           100%       1d8       1%          1
b - Searing Ray           Conj           60%        2d6       1%          2

Your spell library contained the following spells:

 Spells                   Type           Power      Damage    Failure   Level
 Dazzling Flash           Conj/Hex       36%        N/A       9%          3
 Fulminant Prism          Conj/Hex       9%         3d6       30%         4
 Iskenderun's Mystic Bla  Conj/Tloc      18%        2d6       30%         4


Dungeon Overview and Level Annotations

Branches:
Dungeon (5/15)
 Temple: D:4-7

Altars:
Gozag
Uskayaw
Vehumet

Shops:
D:2 =


Innate Abilities, Weirdness & Mutations

You are too large for most types of armour.
You have tough skin. (AC +1)


Message History

Unknown command.
Unknown command.
Unknown command.
Casting: Searing Ray (safe; 1% risk of failure)
Confirm with . or Enter, or press ? or * to list all spells.
Aiming: Magic Dart (safe; 1% risk of failure)
Press: ? - help, Shift-Dir - straight line, f - gnoll sergeant
Aim: a gnoll sergeant, wielding a +0 spear, wearing a +0 ring mail and wearing a +0 buckler (heavily wounded, 100% to hit)
The magic dart hits the gnoll sergeant but does no damage.
The gnoll sergeant is heavily wounded.
The gnoll throws a throwing net.
The throwing net hits you.
You become entangled in the net!
Unknown command.
Casting: Magic Dart (safe; 1% risk of failure)
Confirm with . or Enter, or press ? or * to list all spells.
Aiming: Searing Ray (safe; 1% risk of failure)
Press: ? - help, Shift-Dir - straight line, f - ogre, p - gnoll sergeant
Aim: an ogre, wielding a +0 giant spiked club (moderately wounded, 90% to hit)
The searing ray hits the gnoll sergeant.
The gnoll sergeant is severely wounded.
The searing ray hits the ogre!
The ogre is severely wounded. (Press . to maintain the ray.)
The gnoll sergeant hits you from afar with a +0 spear.
The searing ray hits the gnoll!
The gnoll is almost dead.
The searing ray hits the ogre!
You kill the ogre!
Vehumet accepts your kill.
The gnoll sergeant hits you from afar with a +0 spear!
* * * LOW HITPOINT WARNING * * *
Your Fighting skill increases to level 5!
Unknown command.
Unknown command.
The gnoll sergeant hits you from afar with a +0 spear.
* * * LOW HITPOINT WARNING * * *
The gnoll hits you with a +0 flail!
* * * LOW HITPOINT WARNING * * *
The gnoll hits you from afar with a +0 spear.
You die...

#..#..#.... .###
#..#..#.#.. .?.#
#........# .....
#........# .....
#........#.)....
#####........#.!....
.......g..)..)....#
......†@.g...#
.......†.g...#
.......(.....#
.............#
...........###.##
......#.........#
....#.##.#####...#
#####. #.. ... ..# .


You could see a gnoll sergeant and 2 gnolls.

Vanquished Creatures
  A hornet zombie (D:4)
  An ogre (D:5)
  The ghost of Demosthentine the Ducker, an amateur DsGl (D:4)
  A vampire bat (D:4)
  A bullfrog zombie (D:4)
  A jelly (D:5)
  Jessica (D:3)
  3 iguanas
  An orc wizard (D:3)
  7 gnolls
  2 adders (D:2)
  4 worms
  4 dart slugs
  3 fire bats (D:4)
  4 orcs (D:3)
  2 spectral bats (D:4)
  7 ball pythons
  14 bats
  3 bat skeletons (D:4)
  A bat zombie (D:4)
  4 endoplasms
  6 giant cockroaches
  9 goblins
  8 hobgoblins
  3 jackals (D:1)
  7 quokkas
  A bat simulacrum (D:4)
  3 frilled lizards
  6 kobolds
  8 rats
117 creatures vanquished.

Notes
Turn   | Place    | Note
-------+----------+-------------------------------------------
     0 | D:1      | bjtr the Ogre Conjurer began the quest for the Orb.
     0 | D:1      | Reached XP level 1. HP: 16/16 MP: 3/3
   145 | D:1      | Reached XP level 2. HP: 26/26 MP: 3/5
   148 | D:1      | Learned a level 2 spell: Searing Ray
   221 | D:1      | Reached skill level 1 in Fighting
   823 | D:1      | Reached XP level 3. HP: 27/33 MP: 3/6
   951 | D:1      | Found a faded altar of an unknown god.
  1987 | D:2      | Reached XP level 4. HP: 44/44 MP: 4/8
  2320 | D:2      | Found Buimnan's Jewellery Emporium.
  2944 | D:3      | Found a hide-covered altar of Uskayaw.
  3354 | D:3      | Found an opulent altar of Gozag.
  3464 | D:3      | Found a faded altar of an unknown god.
  3466 | D:3      | Found a radiant altar of Vehumet.
  3501 | D:3      | Noticed Jessica
  3503 | D:3      | Killed Jessica
  3504 | D:3      | Reached XP level 5. HP: 53/53 MP: 5/9
  4276 | D:4      | Found a runed translucent gate.
  4276 | D:4      | Found a runed translucent gate.
  4276 | D:4      | Found a runed translucent gate.
  4277 | D:4      | Noticed Demosthentine's ghost (amateur DsGl)
  4486 | D:4      | Reached skill level 5 in Conjurations
  4486 | D:4      | Reached XP level 6. HP: 59/61 MP: 6/12
  5098 | D:3      | Became a worshipper of Vehumet
  5182 | D:4      | Killed Demosthentine's ghost
  5183 | D:4      | Reached skill level 5 in Spellcasting
  5183 | D:4      | Reached XP level 7. HP: 46/71 MP: 4/14
  5300 | D:5      | Entered Level 5 of the Dungeon
  5427 | D:5      | Reached skill level 5 in Fighting
  5427 | D:5      | Slain by a gnoll

Illustrated notes

Levels and vault maps discovered:
D:1:      tarquinn_simple_flora_water_c, layout_loops_ring,
          serial_co_window_serial, co_window_paths_a, co_window_corner_a,
          co_window_of_opportunity_a, co_window_corner_a, co_window_cross_1,
          co_window_of_opportunity_c, co_window_broadway_a,
          co_window_unsneaky_path_d, co_window_paths_c, co_window_corner_b,
          co_window_unsneaky_path_a, co_window_unsneaky_path_b,
          co_window_paths_e, glass_columns_b, glass_columns_b, glass_columns_a,
          glass_columns_a, basic_ecumenical_altar
D:2:      minmay_recursive_quarters, layout_loops_ring, serial_shops,
          nicolae_shop_peninsula, supply_closet_lemuel
D:3:      layout_loops_ring, mainiacjoe_overflow_small_starburst,
          mainiacjoe_overflow_brackets, nicolae_overflow_ecumenical_swirl,
          uniq_jessica
D:4:      layout_basic, gammafunk_ghost_necromancy, goddamned_bats
D:5:      minmay_razor_zed, layout_rooms, grunt_tough_drop, uniq_edmund

Skill      XL: |  1  2  3  4  5  6  7 |
---------------+----------------------+-----
Fighting       | 1 2 3 4 5 |  5.1
Conjurations   | 4 5 |  5.9
Dodging        | 2 |  2.7
Spellcasting   | 3 4 5 |  5.5
Stealth        | |  1.4

Action                     |  1- 3 |  4- 6 |  7- 9 || total
---------------------------+-------+-------+-------++-------
  Melee: Unarmed           |    11 |       |       ||    11
         Club              |       |    18 |       ||    18
         Whip              |       |    31 |       ||    31
         Punch             |       |     1 |       ||     1
         Flail             |       |       |     4 ||     4
   Cast: Magic Dart        |    61 |    79 |     3 ||   143
         Searing Ray       |     1 |    18 |     7 ||    26
    Use: Scroll            |       |     8 |       ||     8
         Potion            |       |     1 |     1 ||     2
 Armour: Robe              |    11 |    80 |    25 ||   116
  Dodge: Dodged            |     6 |    44 |    25 ||    75

Table legend: (Time is in decaauts)
 A = Elapsed time spent in this place.
 B = Non-inter-level travel time spent in this place.
 C = Inter-level travel time spent in this place.
 D = Time resting spent in this place.
 E = Time spent auto-exploring this place.
 F = Levels seen in this place.
 G = Mean time per level.
                   A        B        C        D        E       F      G
               +--------+--------+--------+--------+--------+-----+--------+
         Total |   5436 |   5153 |    283 |    121 |   4302 |   5 | 1087.2 |
       Dungeon |   5436 |   5153 |    283 |    121 |   4302 |   5 | 1087.2 |
               +--------+--------+--------+--------+--------+-----+--------+

Top non-repeatable levels by time:
     D:1: 1625 daAuts
     D:4: 1315 daAuts
     D:2: 1286 daAuts
     D:3: 1081 daAuts
     D:5: 128 daAuts
